 Dungeon Crawl Stone Soup version 0.23.2-30-g0e89c35649 (webtiles) character file.

Game seed: 2999378360146407612

48871 Wilfredo the Severer (level 14, -8/114 HPs)
             Began as a Hill Orc Fighter on June 19, 2019.
             Was an Elder of Hepliaklqana.
             Mangled by Rupert
             ... wielding a +0 great mace of protection
              (11 damage)
             ... on level 15 of the Dungeon.
             The game lasted 02:14:14 (14376 turns).

Wilfredo the Severer (Hill Orc Fighter)            Turns: 14376, Time: 02:14:15

Health: -8/114     AC: 22    Str: 29    XL:     14   Next: 48%
Magic:  14/14      EV:  9    Int:  8    God:    Hepliaklqana [****..]
Gold:   798        SH: 20    Dex: 10    Spells: 13/13 levels left

rFire    + . .     SeeInvis .   a - +4 war axe
rCold    . . .     Gourm    .   c - +2 shield
rNeg     . . .     Faith    .   J - +4 plate armour
rPois    .         Spirit   .   p - +0 helmet
rElec    .         Reflect  +   (no cloak)
rCorr    .         Harm     .   (no gloves)
MR       ++...                  y - +1 pair of boots
Stlth    ..........             i - +4 amulet of reflection
HPRegen  0.29/turn              L - ring of protection from magic
MPRegen  0.14/turn              r - ring of protection from fire

@: mighty, very slightly contaminated, invisible
A: reduced essence
a: Recall Ancestor, Ancestor Identity, Transference, Idealise, Renounce Religion


You were on level 15 of the Dungeon.
You worshipped Hepliaklqana.
Hepliaklqana was greatly pleased with you.
You were not hungry.

You visited 2 branches of the dungeon, and saw 16 of its levels.

You collected 1037 gold pieces.
You spent 239 gold pieces at shops.

Inventory:

Hand Weapons
 a - a +4 war axe (weapon)
 h - a +1 flail of protection
 U - a +0 broad axe
Missiles
 z - 174 stones
 F - 168 bolts
 K - 2 tomahawks of returning (quivered)
 M - 3 poisoned tomahawks
Armour
 c - a +2 shield (worn)
 g - +0 steam dragon scales
 p - a +0 helmet (worn)
 v - a +0 chain mail of positive energy
 y - a +1 pair of boots (worn)
 J - a +4 plate armour (worn)
 V - a +0 large shield
Jewellery
 b - an uncursed ring of ice
 i - a +4 amulet of reflection (around neck)
 j - an uncursed ring of resist corrosion
 r - a ring of protection from fire (right hand)
 H - an uncursed ring of protection from cold
 L - a ring of protection from magic (left hand)
 P - an uncursed ring of stealth
Wands
 d - a wand of polymorph (15)
 x - a wand of flame (15)
 C - a wand of acid (11)
 D - a wand of random effects (25)
 O - a wand of digging (2)
Scrolls
 k - 5 scrolls of immolation
 m - a scroll of magic mapping
 n - a scroll of blinking
 q - 8 scrolls of remove curse
 t - 6 scrolls of teleportation
 A - 2 scrolls of fog
 B - 2 scrolls of silence {unknown}
 I - a scroll of amnesia
 N - 2 scrolls of enchant weapon
 R - a scroll of summoning {unknown}
 W - a scroll of fear
 X - a scroll of enchant armour
 Y - 3 scrolls of identify
Potions
 e - 4 potions of lignification
 l - 6 potions of brilliance
 o - 4 potions of curing
 s - 2 potions of agility
 w - 2 potions of might
 E - 4 potions of mutation
 G - 4 potions of haste
 Q - a potion of magic
 S - a potion of flight
 T - a potion of cancellation
Comestibles
 f - 22 rations
 Z - 4 chunks of flesh


   Skills:
 + Level 12.9 Fighting
 + Level 17.7(17.9) Axes
 + Level 3.0(10.7) Maces & Flails
 + Level 1.2 Throwing
 + Level 10.6 Armour
 + Level 3.2 Dodging
 + Level 2.6 Stealth
 + Level 14.4 Shields
 + Level 0.1 Evocations


You had 13 spell levels left.
You didn't know any spells.
Your spell library contained the following spells:

 Spells                   Type           Power        Failure   Level  Hunger
 Animate Skeleton         Necr           N/A          98%         1    ##.....
 Corona                   Hex            #......      98%         1    ##.....
 Magic Dart               Conj           #...         98%         1    ##.....
 Pain                     Necr           #...         98%         1    ##.....
 Ensorcelled Hibernation  Hex/Ice        #.....       99%         2    ###....
 Searing Ray              Conj           #.....       99%         2    ###....
 Confuse                  Hex            #.......     100%        3    ####...
 Dazzling Spray           Conj/Hex       #.....       100%        3    ####...
 Regeneration             Chrm/Necr      #.........   100%        3    ####...
 Tukima's Dance           Hex            #.......     100%        3    ####...
 Vampiric Draining        Necr           #.........   100%        3    ####...
 Animate Dead             Necr           N/A          100%        4    #####..
 Force Lance              Conj/Tloc      #.......     100%        4    #####..
 Fulminant Prism          Conj/Hex       #.........   100%        4    #####..
 Iskenderun's Mystic Bla  Conj           #.......     100%        4    #####..
 Bolt of Magma            Conj/Fire/Erth #.........   100%        5    ######.
 Iskenderun's Battlesphe  Conj/Chrm      #.......     100%        5    ######.
 Venom Bolt               Conj/Pois      #.........   100%        5    ######.
 Iron Shot                Conj/Erth      #.........   100%        6    #######
 Orb of Destruction       Conj           #.........   100%        7    #######
 Spellforged Servitor     Conj/Summ      #.........   100%        7    #######


Dungeon Overview and Level Annotations

Branches:
Dungeon (15/15)            Temple (1/1) D:6            Lair (0/6) D:11
    Orc (0/2) D:12         Vaults (0/5) D:14
 Depths: D:15

Altars:
Ashenzari
Cheibriados
Dithmenos
Elyvilon
Fedhas
Gozag
Hepliaklqana
Kikubaaqudgha
Makhleb
Nemelex Xobeh
Okawaru
Qazlal
Ru
Sif Muna
Trog
Uskayaw
Vehumet
Wu Jian
Xom
Yredelemnul
Zin
The Shining One

Shops:
D:6 **[?%

Annotations:
D:15 Rupert


Message History

You are no longer poisoned.
You closely miss something.
You suddenly lose the ability to move!
Something hits you but does no damage. Something hits you. Something hits you!!
Something hits you.
You can move again.
You hit something. You hit something but do no damage. Something hits you!!
* * * LOW HITPOINT WARNING * * *
You hit something but do no damage. Something hits you!
* * * LOW HITPOINT WARNING * * *
You fade into invisibility!
Something hits you!
* * * LOW HITPOINT WARNING * * *
You are very lightly contaminated with residual magic.
You hear two shouts! x2
You feel very mighty all of a sudden.
You hear two shouts! x2
Something hits you!
You die...

##.###..........# #.# .#
#.###..#.####..####.##.#
#...)..................##
#.###.#..####...........#
#.# #.#..# #.#.###.###.#
#.###.#.#######.....#
#.##...##.....#####.#
#.....##.......## #.#
#.##..#..#####{@###.#
#.###.# #.)#.รท.###.#
#.## #.# #.# #.)R.....).#
###... #.# #.#
#.)######.......... #.#
#.# #..# .### #..# #.#
#.# ...## # ##..# #.# #.#
...## #.... #.# #.#
####### #.# #
#.###.####.....# #. #.# #


You could see the friendly Hagatha the battlemage (paralysed).

Vanquished Creatures
  Kirke (D:14)
  Erolcha (D:9)
  3 vault guards (D:14)
  A catoblepas (D:13)
  2 centaur warriors
  An ogre mage (D:15)
  2 two-headed ogres (D:15)
  An unseen horror (D:11)
  A wizard (D:15)
  3 deep elf magi
  A manticore (D:14)
  7 ugly things
  3 cyclopes
  3 centaur zombies
  A naga mage (D:15)
  3 yaktaurs (D:15)
  2 komodo dragons
  A troll (D:9)
  A hornet (D:14)
  5 slime creatures
  3 tyrant leeches (D:12)
  2 hippogriffs
  22 yaks
  2 vampires
  A wraith (D:11)
  A yak (shapeshifter) (D:14)
  2 shadows
  4 hogs (D:14)
  A hungry ghost (D:10)
  Eustachio (D:6)
  A basilisk (D:11)
  6 humans (D:14)
  7 vampire mosquitoes
  Edmund (D:5)
  2 steam dragons
  2 porcupines (D:11)
  7 orc warriors
  2 sky beasts (D:12)
  4 ice beasts
  A phantom (D:9)
  2 black bears (D:10)
  An eye of draining (D:12)
  11 centaurs
  7 ogres
  A crocodile (D:14)
  A big kobold (D:7)
  7 bullfrogs
  4 scorpions
  A wyvern skeleton (D:12)
  A water moccasin skeleton (D:9)
  21 wights
  2 killer bees (D:13)
  2 electric eels (D:9)
  4 howler monkeys
  4 crimson imps
  2 bullfrog zombies
  A quasit (D:7)
  9 orc wizards
  3 centaur skeletons
  A gnoll shaman (D:4)
  An orc priest (D:8)
  3 bullfrog skeletons
  2 hounds
  6 jellies
  4 iguanas
  7 worker ants
  2 hound zombies
  2 hound skeletons
  Robin (D:4)
  3 gnolls (D:4)
  16 adders
  A shadow imp (D:7)
  5 worms
  A dart slug (D:2)
  8 leopard geckos
  47 orcs
  5 giant cockroaches
  13 goblins
  10 hobgoblins
  12 jackals
  4 quokkas
  6 frilled lizards
  A giant cockroach zombie (D:5)
  11 kobolds
  A quokka skeleton (D:4)
  2 rats (D:1)
374 creatures vanquished.

Vanquished Creatures (collateral kills)
  2 hydras
  2 vault guards (D:14)
  2 two-headed ogres
  2 centaur warriors (D:13)
  An unseen horror (D:15)
  A wizard (D:14)
  An ugly thing (D:14)
  2 manticores
  A naga mage (D:15)
  Psyche (D:12)
  A gargoyle (D:14)
  A centaur skeleton (D:11)
  A komodo dragon (D:14)
  A hornet (D:11)
  4 trolls
  2 hippogriffs
  A harpy skeleton (D:15)
  2 vampires
  8 yaks
  2 basilisks (D:13)
  A vampire mosquito (D:14)
  2 porcupines (D:11)
  An orc warrior (D:11)
  A sky beast (D:14)
  2 ice beasts
  A black bear (D:11)
  A necrophage (D:11)
  A phantom (D:11)
  2 ogres (D:15)
  3 centaurs (D:13)
  A crocodile (D:11)
  2 bullfrogs
  2 scorpions
  A killer bee (D:13)
  3 wights
  A crimson imp (D:8)
  A bullfrog zombie (D:13)
  3 quasits
  An orc wizard (D:13)
  A worker ant (D:10)
  An adder (D:11)
  6 orcs
  A kobold (D:7)
77 creatures vanquished.

Vanquished Creatures (others)
  A centaur warrior (D:14)
  A wizard (D:6)
  A human (D:14)
  3 centaurs
  5 battlemagi
  5 ancestors
  42 fungi (D:11)
  10 plants (D:11)
68 creatures vanquished.

Grand Total: 519 creatures vanquished

Notes
Turn   | Place    | Note
-------+----------+-------------------------------------------
     0 | D:1      | Wilfredo the Hill Orc Fighter began the quest for the Orb.
     0 | D:1      | Reached XP level 1. HP: 19/19 MP: 1/1
    20 | D:1      | Found a shimmering altar of Xom.
   175 | D:1      | Reached skill level 3 in Axes
   184 | D:1      | Reached XP level 2. HP: 23/27 MP: 2/2
   614 | D:1      | Reached XP level 3. HP: 33/33 MP: 3/3
  1052 | D:2      | Reached skill level 4 in Axes
  1052 | D:2      | Reached XP level 4. HP: 41/41 MP: 4/4
  1531 | D:3      | Reached XP level 5. HP: 43/47 MP: 5/5
  2157 | D:4      | Reached skill level 5 in Axes
  2164 | D:4      | Reached skill level 5 in Fighting
  2176 | D:4      | Reached XP level 6. HP: 26/56 MP: 6/6
  2588 | D:4      | Noticed Robin
  2611 | D:4      | Killed Robin
  2759 | D:4      | Reached skill level 6 in Axes
  2759 | D:4      | Reached XP level 7. HP: 59/61 MP: 7/7
  2765 | D:4      | Reached skill level 1 in Dodging
  2804 | D:4      | Reached skill level 5 in Shields
  3207 | D:5      | Entered Level 5 of the Dungeon
  3491 | D:5      | Reached skill level 7 in Axes
  3582 | D:5      | Noticed Edmund
  3596 | D:5      | Killed Edmund
  3596 | D:5      | Reached skill level 5 in Armour
  3596 | D:5      | Reached XP level 8. HP: 66/69 MP: 8/8
  3996 | D:6      | Found Pizef's Magic Scroll Shoppe.
  4011 | D:6      | Bought a scroll of remove curse for 39 gold pieces
  4011 | D:6      | Bought a scroll of magic mapping for 45 gold pieces
  4011 | D:6      | Bought a scroll of identify for 26 gold pieces
  4042 | D:6      | Bought a scroll of identify for 26 gold pieces
  4042 | D:6      | Bought a scroll of identify for 26 gold pieces
  4063 | D:6      | Found Fajobish's General Store.
  4104 | D:6      | You fall through a shaft for 2 floors!
  4144 | D:7      | Found an iron altar of Okawaru.
  4208 | D:7      | Reached skill level 8 in Axes
  4239 | D:6      | Found a bloodstained altar of Trog.
  4250 | D:6      | Reached skill level 1 in Stealth
  4321 | D:6      | Noticed a wizard
  4323 | D:6      | Killed a wizard
  4358 | D:6      | Noticed Eustachio
  4381 | D:6      | Found Opeaps's General Store.
  4396 | D:6      | Killed Eustachio
  4406 | D:6      | Bought a potion of heal wounds for 55 gold pieces
  4406 | D:6      | Bought a scroll of identify for 22 gold pieces
  4454 | D:6      | Found a staircase to the Ecumenical Temple.
  4475 | Temple   | Entered the Ecumenical Temple
  4600 | Temple   | Became a worshipper of Hepliaklqana the Forgotten
  4666 | D:6      | Found Segef's Armour Emporium.
  4677 | D:6      | Found Aczeumn's Food Boutique.
  4785 | D:7      | Reached skill level 9 in Axes
  4803 | D:7      | Reached XP level 9. HP: 64/67 MP: 9/9
  5039 | D:7      | Reached skill level 10 in Axes
  5049 | D:7      | Found a basalt altar of Yredelemnul.
  5049 | D:7      | Found a snail-covered altar of Cheibriados.
  5050 | D:7      | Found an iron altar of Okawaru.
  5050 | D:7      | Found an ancient bone altar of Kikubaaqudgha.
  5051 | D:7      | Found a white marble altar of Elyvilon.
  5052 | D:7      | Found a glowing silver altar of Zin.
  5673 | D:8      | Reached skill level 11 in Axes
  5953 | D:8      | Reached * piety under Hepliaklqana
  5999 | D:9      | Noticed Erolcha
  5999 | D:9      | Paralysed by Erolcha for 4 turns
  6030 | D:9      | Killed Erolcha
  6030 | D:9      | Reached skill level 12 in Axes
  6030 | D:9      | Reached XP level 10. HP: 25/75 MP: 10/10
  6870 | D:9      | Got an ancient scimitar
  6871 | D:9      | Identified the +7 scimitar of the Lair of Beasts {pain, rC-
                  | rN+ Dex+3} (You found it on level 9 of the Dungeon)
  7202 | D:10     | Entered Level 10 of the Dungeon
  7283 | D:10     | Reached skill level 13 in Axes
  7769 | D:10     | Reached XP level 11. HP: 81/82 MP: 11/11
  7945 | D:10     | Reached ** piety under Hepliaklqana
  7946 | D:10     | Remembered your ancestor Hagatha as a battlemage
  8328 | D:11     | Noticed a two-headed ogre
  8333 | D:11     | Killed a two-headed ogre
  8339 | D:11     | Killed an unseen horror
  8339 | D:11     | Reached skill level 10 in Shields
  8341 | D:11     | Reached skill level 14 in Axes
  8671 | D:11     | Reached skill level 1 in Throwing
  8711 | D:11     | Paralysed by a hornet for 3 turns
  8895 | D:11     | Found a staircase to the Lair.
  8931 | D:11     | Reached skill level 15 in Axes
  8932 | D:11     | Reached XP level 12. HP: 42/93 MP: 12/12
  9896 | D:12     | Noticed Psyche
  9913 | D:12     | Killed Psyche
 10078 | D:12     | Found a shadowy altar of Dithmenos.
 10188 | D:12     | Found a staircase to the Orcish Mines.
 10252 | D:12     | Found the +12 Vampire's Tooth {vamp}
 10311 | D:12     | Reached skill level 16 in Axes
 10713 | D:12     | Reached *** piety under Hepliaklqana
 11058 | D:13     | Reached skill level 10 in Fighting
 11366 | D:13     | Noticed a centaur warrior
 11373 | D:13     | Killed a centaur warrior
 11472 | D:13     | Noticed a catoblepas
 11527 | D:13     | Killed a catoblepas
 11824 | D:13     | Noticed a centaur warrior
 11832 | D:13     | Killed a centaur warrior
 11832 | D:13     | Reached XP level 13. HP: 57/102 MP: 13/13
 12668 | D:14     | Reached skill level 17 in Axes
 12668 | D:14     | Reached skill level 10 in Armour
 12683 | D:14     | Noticed Kirke
 12717 | D:14     | Noticed a sphinx
 12722 | D:14     | Killed Kirke
 12722 | D:14     | Reached skill level 1 in Maces & Flails
 12907 | D:14     | Found a stormy altar of Qazlal.
 13212 | D:14     | Noticed a vault guard
 13212 | D:14     | Noticed a vault guard
 13212 | D:14     | Noticed a vault guard
 13213 | D:14     | Noticed a vault guard
 13216 | D:14     | Noticed a vault guard
 13217 | D:14     | Killed a vault guard
 13223 | D:14     | Killed a vault guard
 13229 | D:14     | Killed a vault guard
 13235 | D:14     | Killed a vault guard
 13241 | D:14     | Killed a vault guard
 13241 | D:14     | Reached XP level 14. HP: 105/114 MP: 14/14
 13256 | D:14     | Found a gate to the Vaults.
 13567 | D:15     | Entered Level 15 of the Dungeon
 14135 | D:15     | Reached **** piety under Hepliaklqana
 14356 | D:15     | Noticed Rupert
 14365 | D:15     | Paralysed by something for 5 turns
 14374 | D:15     | HP: 2/114 [something (11)]
 14376 | D:15     | Mangled by Rupert

Skill      XL: |  1  2  3  4  5  6  7  8  9 10 11 12 13 14 |
---------------+-------------------------------------------+-----
Axes           | 3 4 5 6 7 9 12 13 15 16 17 | 17.7
Fighting       | 4 5 6 7 9 10 12 | 12.9
Shields        | 4 5 6 8 9 10 12 13 14 | 14.4
Armour         | 4 5 6 7 8 9 10 | 10.6
Dodging        | 1 2 3 |  3.2
Stealth        | 1 2 |  2.6
Throwing       | 1 |  1.2
Maces & Flails | 2 3 |  3.0
Evocations     | |  0.1

Action                   |  1- 3 |  4- 6 |  7- 9 | 10-12 | 13-15 || total
-------------------------+-------+-------+-------+-------+-------++-------
Melee: War axe           |    81 |   211 |   277 |   665 |   363 ||  1597
       Flail             |       |       |       |       |    18 ||    18
Throw: Tomahawk          |       |       |       |     9 |       ||     9
       Stone             |       |       |       |     1 |       ||     1
Invok: Ancestor Identity |       |       |     3 |     1 |       ||     4
       Ancestor Life: Ba |       |       |       |     1 |       ||     1
       Recall Ancestor   |       |       |       |       |     2 ||     2
Evoke: Wand              |       |       |       |       |     1 ||     1
  Use: Scroll            |       |    13 |     6 |    13 |       ||    32
       Potion            |       |       |     2 |     4 |     2 ||     8
 Stab: Distracted        |       |       |       |     1 |     2 ||     3
  Eat: Chunk             |     1 |     5 |    11 |     9 |     6 ||    32
       Ration            |       |       |       |     4 |       ||     4
Armor: Scale mail        |    34 |    54 |    65 |     4 |       ||   157
       Plate armour      |       |       |       |   179 |   101 ||   280
       Skin              |       |       |       |     1 |       ||     1
Dodge: Dodged            |    16 |    41 |    64 |    83 |    44 ||   248
Block: Shield            |    40 |   162 |   209 |   475 |   262 ||  1148
       Reflection        |       |     1 |    11 |    23 |    19 ||    54
